 Dungeon Crawl Stone Soup version 0.29-a0-284-gf9362112df (webtiles) character file.

Game seed: 1023239626929098700

13748 epen the Archer (level 12, -19/94 HPs)
             Began as a Gnoll Hunter on Mar 14, 2022.
             Was a Priest of Dithmenos.
             Demolished by a death yak simulacrum (25 damage)
             ... in an ice cave.
             The game lasted 00:19:25 (11073 turns).

epen the Archer (Gnoll Hunter)                     Turns: 11073, Time: 00:19:25

Health: -19/94     AC: 10    Str: 10    XL:     12   Next: 9%
Magic:  17/22      EV: 19    Int: 10    God:    Dithmenos [***...]
Gold:   669        SH:  5    Dex: 26    Spells: 24/24 levels left

rFire   . . .      SeeInvis .   a - +2 shortbow
rCold   . . .      Faith    .   (shield currently unavailable)
rNeg    + + .      Spirit   .   N - +0 troll leather armour
rPois   .          Reflect  +   m - +2 hat
rElec   .          Harm     .   (no cloak)
rCorr   .          Rampage  .   p - +0 pair of gloves of the Tarantula {+Blink rN+ Slay+2}
Will    .....                   u - +1 pair of boots
Stlth   +++++.....              V - amulet of reflection
HPRegen 1.05/turn               n - ring of positive energy
MPRegen 0.18/turn               D - +6 ring of dexterity

@: on blink cooldown, wreathed by umbra
A: fangs 1, strong nose, distributed training
a: Renounce Religion, Evoke Blink, Shadow Step


You were in an ice cave.
You worshipped Dithmenos.
Dithmenos was most pleased with you.
You visited 2 branches of the dungeon, and saw 12 of its levels.
You also visited: Bailey and Ice Cave.

You collected 669 gold pieces.

Inventory:

Hand Weapons
 a - a +2 shortbow (weapon)
 k - a +3 trident of freezing
 G - a +0 longbow
 M - a +5 scimitar
Missiles
 F - a throwing net
Armour
 b - a +0 leather armour
 h - +0 steam dragon scales
 m - a +2 hat (worn)
 p - the +0 pair of gloves of the Tarantula (worn) {+Blink rN+ Slay+2}
   (You found it on level 3 of the Dungeon)

   Slay:      It affects your accuracy & damage with ranged weapons and melee
   (+2).
   rN:        It protects you from negative energy.
   +Blink:    It lets you blink.
 u - a +1 pair of boots (worn)
 H - the +1 leather armour "Lavops" {rF+ rC+ Regen+}
   (You found it on level 6 of the Dungeon)

   rF:        It protects you from fire.
   rC:        It protects you from cold.
   Regen:     It increases your rate of health regeneration.
 N - a +0 troll leather armour (worn)
 T - +0 acid dragon scales
Jewellery
 n - a ring of positive energy (left hand)
 q - a ring of positive energy
 y - a ring of flight
 A - a ring of magical power
 D - a +6 ring of dexterity (right hand)
 E - a ring of protection from cold
 V - an amulet of reflection (around neck)
 W - a ring of willpower
Wands
 d - a wand of flame (25)
 v - a wand of digging (10)
 C - a wand of iceblast (12)
 J - a wand of polymorph (4)
 K - a wand of mindburst (33)
Scrolls
 c - 2 scrolls of immolation
 g - a scroll of fog
 o - a scroll of enchant weapon
 r - 2 scrolls of vulnerability
 t - a scroll of fear
 B - a scroll of teleportation
Potions
 e - 9 potions of heal wounds
 f - a potion of berserk rage
 i - 4 potions of curing
 j - 7 potions of haste
 l - 2 potions of degeneration
 s - 2 potions of lignification
 w - a potion of might {unknown}
 x - 2 potions of resistance
 z - a potion of ambrosia {unknown}
 L - 2 potions of invisibility {unknown}
 O - a potion of attraction {unknown}
 P - 3 potions of magic {unknown}
 Q - a potion of cancellation {unknown}
 R - 2 potions of mutation {unknown}
 S - a potion of brilliance {unknown}
 Y - a potion of flight {unknown}
Miscellaneous
 X - a lightning rod (2/4)


   Skills:
 + Level 8.4 Fighting
 + Level 6.9 Short Blades
 + Level 6.9 Long Blades
 + Level 6.9 Axes
 + Level 6.9 Maces & Flails
 + Level 6.9 Polearms
 + Level 6.9 Staves
 + Level 6.9 Slings
 + Level 11.0 Bows
 + Level 6.9 Crossbows
 + Level 6.9 Throwing
 + Level 6.9 Armour
 + Level 8.4 Dodging
 + Level 7.4 Stealth
 + Level 6.9 Shields
 + Level 6.9 Unarmed Combat
 + Level 6.9 Spellcasting
 + Level 5.7 Conjurations
 + Level 5.7 Hexes
 + Level 5.7 Summonings
 + Level 5.7 Necromancy
 + Level 5.7 Translocations
 + Level 5.7 Transmutations
 + Level 5.7 Fire Magic
 + Level 5.7 Ice Magic
 + Level 5.7 Air Magic
 + Level 5.7 Earth Magic
 + Level 5.7 Poison Magic
 + Level 7.6 Invocations
 + Level 6.9 Evocations


You had 24 spell levels left.
You didn't know any spells.
Your spell library contained the following spells:

 Spells                   Type           Power      Damage    Failure   Level
 Animate Skeleton         Necr           30%        N/A       2%          1
 Magic Dart               Conj           60%        1d6       2%          1
 Pain                     Necr           60%        1d7       2%          1
 Blink                    Tloc           30%        N/A       3%          2
 Call Imp                 Summ           15%        N/A       3%          2
 Static Discharge         Conj/Air       15%        N/A       3%          2
 Gell's Gravitas          Tloc           15%        N/A       7%          3
 Lesser Beckoning         Tloc           15%        N/A       7%          3
 Mephitic Cloud           Conj/Pois/Air  15%        N/A       7%          3
 Portal Projectile        Hex/Tloc       30%        N/A       7%          3
 Teleport Other           Tloc           15%        N/A       7%          3
 Vampiric Draining        Necr           15%        2d7       7%          3
 Cause Fear               Hex            7%         N/A       22%         4
 Dispel Undead            Necr           15%        3d10      22%         4
 Sticky Flame             Conj/Fire      15%        2d4       22%         4
 Blade Hands              Tmut           7%         N/A       52%         5
 Excruciating Wounds      Necr           7%         N/A       52%         5
 Manifold Assault         Tloc           15%        N/A       52%         5
 Dispersal                Tloc           7%         N/A       98%         6
 Dragon Form              Tmut           7%         N/A       100%        7
 Storm Form               Tmut/Air       7%         N/A       100%        7
 Dragon's Call            Summ           7%         N/A       100%        9


Dungeon Overview and Level Annotations

Branches:
Dungeon (11/15)            Temple (1/1) D:7            Lair (0/6) D:11
 Bailey (visited)           IceCv (1/1)
    Orc: D:9-12

Altars:
Ashenzari
Cheibriados
Dithmenos
Elyvilon
Fedhas
Gozag
Hepliaklqana
Kikubaaqudgha
Makhleb
Nemelex Xobeh
Okawaru
Qazlal
Ru
Sif Muna
Trog
Uskayaw
Vehumet
Wu Jian
Xom
Yredelemnul
Zin
The Shining One

Shops:
D:1 *

Annotations:
D:6 2 transporters, starts1789's ghost, novice MfIE
D:7 2 runed translucent doors, Crownlay's ghost, novice GrEE
D:9 3 runed translucent doors, Ajdolov's ghost, novice HOFi; t4s4d4r's ghost, novice DsNe


Innate Abilities, Weirdness & Mutations

You have very sharp teeth.
Your uncanny sense of smell can sniff out nearby items.
Your experience applies equally to all skills.


Message History

The ice devil is almost dead.
The ice devil completely misses you. The death yak simulacrum gores you!
The death yak simulacrum freezes you!!!
* * * LOW HITPOINT WARNING * * *
You are too injured to fight recklessly!
You feel much better. The ice devil barely misses you.
You blink.
Aiming: Thunderbolt
Press: ? - help, Shift-Dir - straight line, f/p - ice devil
Aim: an ice devil (severely wounded, umbra)
The thunderbolt hits the ice devil!
You kill the ice devil!
Dithmenos accepts your kill.
The thunderbolt hits the death yak simulacrum!
The death yak simulacrum is moderately damaged.
You block the death yak simulacrum's attack.
Your lightning rod (2/4) has regained one charge.
Shoot: a) +2 shortbow
Press: ? - help, Shift-Dir - straight line, f - death yak simulacrum
Aim: a death yak simulacrum (moderately damaged, umbra, 98% to hit)
You shoot an arrow.
The arrow hits the death yak simulacrum!
The death yak simulacrum is heavily damaged.
The death yak simulacrum gores you! The death yak simulacrum freezes you!
* * * LOW HITPOINT WARNING * * *
Shoot: a) +2 shortbow
Press: ? - help, Shift-Dir - straight line, f/p - death yak simulacrum
Aim: a death yak simulacrum (heavily damaged, umbra, 98% to hit)
You shoot an arrow.
The arrow hits the death yak simulacrum but does no damage.
The death yak simulacrum is heavily damaged.
Okay, then.
Aiming: Shadow Step
Press: ? - help, Dir - move target, f/p - death yak simulacrum
Aim: a death yak simulacrum (heavily damaged, umbra)
You step into the death yak simulacrum's shadow.
The death yak simulacrum gores you.
* * * LOW HITPOINT WARNING * * *
The death yak simulacrum freezes you!!
You die...

##...##
##...#
#...##
#...##
##...#
##...##
##....Z##
#...∩.Z.#
#...∩@..#
##.....##
##...##
#####


You could see a death yak simulacrum and a troll simulacrum.

Vanquished Creatures
  2 boulder beetles (D:11)
  A hydra (D:10)
  An orc knight (Bailey)
  A cyclops (D:10)
  A manticore (D:10)
  Maurice (D:9)
  Maggie (D:7)
  2 gargoyles
  A yaktaur (D:10)
  An unseen horror (D:10)
  2 ice devils (IceCv)
  4 trolls
  Grinder (D:5)
  A slime creature (D:10)
  3 wraiths
  9 yaks
  A basilisk (D:10)
  4 vampire mosquitoes (D:10)
  3 steam dragons
  Menkaure (D:7)
  An acid dragon (D:10)
  A water moccasin (D:7)
  2 ice beasts
  3 orc warriors
  A black bear (D:6)
  3 ogres
  3 centaurs
  3 kobold brigands
  4 bullfrogs
  A gnoll sergeant (D:10)
  2 two-headed ogre simulacra (D:11)
  4 scorpions
  3 necrophages
  5 wights (D:9)
  6 killer bees
  5 howler monkeys
  5 hounds
  An iron imp (D:3)
  A jelly (D:4)
  4 gnoll shamans
  2 orc priests
  Ijyb (D:5)
  5 iguanas
  10 orc wizards
  2 troll simulacra (D:11)
  24 gnolls
  13 adders
  3 naga simulacra
  2 shadow imps (D:6)
  2 white imps
  A howler monkey simulacrum (D:10)
  2 ufetubi
  3 worms
  A dart slug (D:5)
  45 orcs
  A bat (D:1)
  5 endoplasms
  6 giant cockroaches
  3 hobgoblins
  9 jackals (D:4)
  2 quokkas
  7 ball pythons
  4 frilled lizards
  10 goblins
  11 kobolds
  6 rats
279 creatures vanquished.

Vanquished Creatures (others)
  A plant (D:7)
  4 toadstools (D:1)
5 creatures vanquished.

Grand Total: 284 creatures vanquished

Notes
Turn   | Place    | Note
-------+----------+-------------------------------------------
     0 | D:1      | epen the Gnoll Hunter began the quest for the Orb.
     0 | D:1      | Reached XP level 1. HP: 20/20 MP: 1/1
   128 | D:1      | Reached XP level 2. HP: 26/26 MP: 2/2
   347 | D:1      | Found Noutzup's Assorted Antiques.
   783 | D:1      | Found a faded altar of an unknown god.
   941 | D:2      | Reached XP level 3. HP: 31/31 MP: 3/3
  1014 | D:2      | Reached skill level 1 in Invocations
  1116 | D:2      | Reached skill level 1 in Short Blades
  1116 | D:2      | Reached skill level 1 in Long Blades
  1116 | D:2      | Reached skill level 1 in Axes
  1116 | D:2      | Reached skill level 1 in Maces & Flails
  1116 | D:2      | Reached skill level 1 in Polearms
  1116 | D:2      | Reached skill level 1 in Staves
  1116 | D:2      | Reached skill level 1 in Slings
  1116 | D:2      | Reached skill level 1 in Crossbows
  1116 | D:2      | Reached skill level 1 in Throwing
  1116 | D:2      | Reached skill level 1 in Armour
  1116 | D:2      | Reached skill level 1 in Shields
  1116 | D:2      | Reached skill level 1 in Unarmed Combat
  1116 | D:2      | Reached skill level 1 in Spellcasting
  1116 | D:2      | Reached skill level 1 in Evocations
  1262 | D:2      | Reached XP level 4. HP: 34/38 MP: 5/5
  1379 | D:2      | Reached skill level 1 in Conjurations
  1379 | D:2      | Reached skill level 1 in Hexes
  1379 | D:2      | Reached skill level 1 in Summonings
  1379 | D:2      | Reached skill level 1 in Necromancy
  1379 | D:2      | Reached skill level 1 in Translocations
  1379 | D:2      | Reached skill level 1 in Transmutations
  1379 | D:2      | Reached skill level 1 in Fire Magic
  1379 | D:2      | Reached skill level 1 in Ice Magic
  1379 | D:2      | Reached skill level 1 in Air Magic
  1379 | D:2      | Reached skill level 1 in Earth Magic
  1379 | D:2      | Reached skill level 1 in Poison Magic
  1602 | D:3      | Found an ancient bone altar of Kikubaaqudgha.
  1689 | D:3      | Reached XP level 5. HP: 43/43 MP: 5/7
  1743 | D:3      | Found a glowing silver altar of Zin.
  1782 | D:3      | Found a snail-covered altar of Cheibriados.
  1825 | D:3      | Identified the +0 pair of gloves of the Tarantula {+Blink
                  | rN+ Slay+2}
  2378 | D:4      | Reached XP level 6. HP: 45/50 MP: 8/8
  2385 | D:4      | Reached skill level 5 in Fighting
  2385 | D:4      | Reached skill level 5 in Dodging
  2716 | D:5      | Entered Level 5 of the Dungeon
  2724 | D:5      | Reached XP level 7. HP: 56/56 MP: 10/10
  3060 | D:5      | Noticed Grinder
  3079 | D:5      | Paralysed by Grinder for 6 turns
  3086 | D:5      | Killed Grinder
  3087 | D:5      | Reached skill level 9 in Bows
  3242 | D:5      | Reached XP level 8. HP: 63/63 MP: 12/12
  3277 | D:5      | Noticed Ijyb
  3288 | D:5      | Killed Ijyb
  3773 | D:6      | Noticed starts1789's ghost (novice MfIE)
  3777 | D:6      | Noticed a hornet
  3837 | D:6      | Found a transporter.
  4087 | D:6      | HP: 1/64 [orc warrior/+0 flail (8)]
  4941 | D:6      | Identified the +1 leather armour "Lavops" {rF+ rC+ Regen+}
  5043 | D:6      | Reached XP level 9. HP: 62/69 MP: 14/14
  5229 | D:6      | Found a transporter.
  5599 | D:7      | Found a large runed translucent door.
  5599 | D:7      | Found a large runed translucent door.
  5601 | D:7      | Noticed Crownlay's ghost (novice GrEE)
  5659 | D:7      | Noticed Menkaure
  5661 | D:7      | Killed Menkaure
  5673 | D:7      | Noticed Maggie
  5690 | D:7      | Killed Maggie
  5691 | D:7      | Reached skill level 5 in Stealth
  5844 | D:7      | Found a staircase to the Ecumenical Temple.
  5862 | Temple   | Entered the Ecumenical Temple
  6017 | Temple   | Became a worshipper of Dithmenos the Shadowed
  6280 | D:7      | Reached skill level 5 in Invocations
  7046 | D:8      | Reached XP level 10. HP: 47/77 MP: 17/17
  7588 | D:8      | Found a hide-covered altar of Uskayaw.
  7589 | D:8      | Found an iron altar of Okawaru.
  7735 | D:8      | Reached skill level 5 in Short Blades
  7735 | D:8      | Reached skill level 5 in Long Blades
  7735 | D:8      | Reached skill level 5 in Axes
  7735 | D:8      | Reached skill level 5 in Maces & Flails
  7735 | D:8      | Reached skill level 5 in Polearms
  7735 | D:8      | Reached skill level 5 in Staves
  7735 | D:8      | Reached skill level 5 in Slings
  7735 | D:8      | Reached skill level 5 in Crossbows
  7735 | D:8      | Reached skill level 5 in Throwing
  7735 | D:8      | Reached skill level 5 in Armour
  7735 | D:8      | Reached skill level 5 in Shields
  7735 | D:8      | Reached skill level 5 in Unarmed Combat
  7735 | D:8      | Reached skill level 5 in Spellcasting
  7735 | D:8      | Reached skill level 5 in Evocations
  7738 | D:8      | Reached * piety under Dithmenos
  7755 | D:8      | Found a shimmering altar of Xom.
  7920 | D:9      | Reached skill level 10 in Bows
  7999 | D:9      | Noticed Maurice
  8016 | D:9      | Killed Maurice
  8410 | D:9      | Found a runed translucent gate.
  8411 | D:9      | Found a runed translucent gate.
  8411 | D:9      | Found a runed translucent gate.
  9004 | D:9      | Noticed t4s4d4r's ghost (novice DsNe)
  9004 | D:9      | Noticed Ajdolov's ghost (novice HOFi)
  9035 | D:10     | Entered Level 10 of the Dungeon
  9046 | D:10     | Found a flagged portal.
  9057 | Bailey   | Entered a bailey
  9221 | Bailey   | Noticed an orc knight
  9225 | Bailey   | Killed an orc knight
  9470 | D:10     | Noticed a six-headed hydra
  9606 | D:9      | Reached ** piety under Dithmenos
  9631 | D:10     | Noticed a cyclops
  9637 | D:10     | Killed a cyclops
  9669 | D:10     | Reached XP level 11. HP: 84/84 MP: 19/19
  9780 | D:10     | Reached skill level 5 in Conjurations
  9780 | D:10     | Reached skill level 5 in Hexes
  9780 | D:10     | Reached skill level 5 in Summonings
  9780 | D:10     | Reached skill level 5 in Necromancy
  9780 | D:10     | Reached skill level 5 in Translocations
  9780 | D:10     | Reached skill level 5 in Transmutations
  9780 | D:10     | Reached skill level 5 in Fire Magic
  9780 | D:10     | Reached skill level 5 in Ice Magic
  9780 | D:10     | Reached skill level 5 in Air Magic
  9780 | D:10     | Reached skill level 5 in Earth Magic
  9780 | D:10     | Reached skill level 5 in Poison Magic
  9921 | D:10     | Killed a six-headed hydra
  9984 | D:10     | Noticed a manticore
  9992 | D:10     | Killed a manticore
 10421 | D:10     | Identified the +3 spear of Chagrin {flame, Int+5 Stlth+}
 10421 | D:10     | Identified the +8 great mace "Bauvuewoi" {elec, Stlth+}
 10652 | D:11     | Noticed a boulder beetle
 10653 | D:11     | Found Paxeixukh's Weapon Emporium.
 10655 | D:11     | Found a staircase to the Lair.
 10750 | D:11     | Found a blossoming altar of Fedhas.
 10763 | D:11     | Noticed a boulder beetle
 10832 | D:11     | Killed a boulder beetle
 10885 | D:11     | Noticed a boulder beetle
 10900 | D:11     | Killed a boulder beetle
 10900 | D:11     | Reached *** piety under Dithmenos
 10963 | D:11     | Reached XP level 12. HP: 93/93 MP: 22/22
 11003 | D:11     | Found a frozen archway.
 11014 | IceCv    | Entered an ice cave
 11035 | IceCv    | Reached skill level 11 in Bows
 11073 | IceCv    | Demolished by a death yak simulacrum

Illustrated notes

Levels and vault maps discovered:
D:1:      ldierk_walled_garden_2, layout_loops_corners, serial_shops,
          nicolae_shop_overgrown_old_shop, dreamdust_ecumenical_altar_statues
D:2:      layout_basic
D:3:      layout_rooms, zin_academy, kiku_gazebo_pond_becter, slow_altar_1
D:4:      layout_basic, nicolae_zen_rock_garden
D:5:      layout_loops_ring, amcnicky_mini_corridor_feature, uniq_ijyb,
          uniq_grinder
D:6:      minmay_razor_zed, layout_loops_ring, gammafunk_ghost_arena
D:7:      layout_loops_corners, minmay_temple_entry_gardened_gates,
          ebering_ghost_disaster_area, minmay_misc_feat_nine_boxes, uniq_maggie,
          uniq_menkaure
D:8:      layout_basic, mainiacjoe_overflow_surrounded_room,
          chequers_temple_overflow_statue_of_worship
D:9:      layout_loops_ring, serial_aquarium, aquarium_bridge_square
          [aquarium_subvault_bridge, aquarium_subvault_bridge,
          aquarium_subvault_wall, aquarium_subvault_window],
          aquarium_bridge_island_large [aquarium_subvault_large_water,
          aquarium_subvault_bridge, aquarium_subvault_wall,
          aquarium_subvault_bridge, aquarium_subvault_wall], aquarium_window_1,
          aquarium_window_corner, aquarium_window_corridor_1, aquarium_view_2e,
          gammafunk_ghost_cemetery, uniq_maurice
D:10:     layout_rooms, enter_bailey_3, minmay_the_grid_2x2
          [minmay_the_grid_tiny_cups, minmay_the_grid_embedded,
          minmay_the_grid_minigrid_large, minmay_the_grid_prize_shrinking_boxes]
D:11:     layout_loops_ring, lair_entry_dummy, orc_0_dummy, serial_shops,
          nicolae_shop_stone, portal_ice_cave_entry_ice_simulacra,
          fedhas_altar_1
Temple:   nicolae_temple_elliptical
IceCv:    ice_cave_tombish

Skill      XL: |  1  2  3  4  5  6  7  8  9 10 11 12 |
---------------+-------------------------------------+-----
Invocations    | 1 2 3 4 5 6 7 |  7.6
Short Blades   | 1 2 3 4 5 6 |  6.9
Long Blades    | 1 2 3 4 5 6 |  6.9
Axes           | 1 2 3 4 5 6 |  6.9
Maces & Flails | 1 2 3 4 5 6 |  6.9
Polearms       | 1 2 3 4 5 6 |  6.9
Staves         | 1 2 3 4 5 6 |  6.9
Slings         | 1 2 3 4 5 6 |  6.9
Crossbows      | 1 2 3 4 5 6 |  6.9
Throwing       | 1 2 3 4 5 6 |  6.9
Armour         | 1 2 3 4 5 6 |  6.9
Shields        | 1 2 3 4 5 6 |  6.9
Unarmed Combat | 1 2 3 4 5 6 |  6.9
Spellcasting   | 1 2 3 4 5 6 |  6.9
Evocations     | 1 2 3 4 5 6 |  6.9
Conjurations   | 1 2 3 4 5 |  5.7
Hexes          | 1 2 3 4 5 |  5.7
Summonings     | 1 2 3 4 5 |  5.7
Necromancy     | 1 2 3 4 5 |  5.7
Translocations | 1 2 3 4 5 |  5.7
Transmutations | 1 2 3 4 5 |  5.7
Fire Magic     | 1 2 3 4 5 |  5.7
Ice Magic      | 1 2 3 4 5 |  5.7
Air Magic      | 1 2 3 4 5 |  5.7
Earth Magic    | 1 2 3 4 5 |  5.7
Poison Magic   | 1 2 3 4 5 |  5.7
Stealth        | 3 4 5 6 7 |  7.4
Fighting       | 5 6 7 8 |  8.4
Dodging        | 5 6 7 8 |  8.4
Bows           | 9 10 11 | 11.0

Action                   |  1- 3 |  4- 6 |  7- 9 | 10-12 || total
-------------------------+-------+-------+-------+-------++-------
Melee: Unarmed           |       |       |       |     8 ||     8
       Shortbow          |       |       |       |     2 ||     2
 Fire: Shortbow          |    88 |   107 |   359 |   510 ||  1064
Throw: Throwing net      |       |       |       |     1 ||     1
Invok: Shadow Step       |       |       |       |     1 ||     1
 Abil: Evoke Blink       |       |       |       |     1 ||     1
Evoke: Wand              |       |       |       |    27 ||    27
       Lightning rod     |       |       |       |     3 ||     3
  Use: Scroll            |       |       |    16 |     4 ||    20
       Potion            |       |       |       |     1 ||     1
 Stab: Confused          |       |       |       |     2 ||     2
Armor: Leather armour    |     3 |     7 |    31 |       ||    41
       Steam dragon scal |       |       |    10 |     5 ||    15
       Troll leather arm |       |       |       |    40 ||    40
Dodge: Dodged            |    14 |    28 |   156 |   194 ||   392
Block: Other             |       |       |       |     7 ||     7

Table legend: (Time is in decaauts)
 A = Elapsed time spent in this place.
 B = Non-inter-level travel time spent in this place.
 C = Inter-level travel time spent in this place.
 D = Time resting spent in this place.
 E = Time spent auto-exploring this place.
 F = Levels seen in this place.
 G = Mean time per level.
                   A        B        C        D        E       F      G
               +--------+--------+--------+--------+--------+-----+--------+
         Total |  11143 |  10757 |    386 |   1251 |   7199 |  14 |  795.9 |
       Dungeon |  10547 |  10195 |    352 |   1251 |   6970 |  11 |  958.8 |
        Temple |    190 |    156 |     34 |      0 |    106 |   1 |  190.0 |
        Bailey |    346 |    346 |      0 |      0 |    106 |   1 |  346.0 |
      Ice Cave |     58 |     58 |      0 |      0 |     17 |   1 |   58.0 |
               +--------+--------+--------+--------+--------+-----+--------+

Top non-repeatable levels by time:
     D:6: 1793 daAuts
     D:9: 1313 daAuts
    D:10: 1239 daAuts
     D:8: 1109 daAuts
     D:7: 1077 daAuts
     D:5: 988 daAuts
     D:1: 867 daAuts
     D:2: 722 daAuts
     D:4: 716 daAuts
     D:3: 431 daAuts
  Bailey: 346 daAuts
    D:11: 288 daAuts
  Temple: 190 daAuts
   IceCv: 58 daAuts
